 Dungeon Crawl Stone Soup version 0.19.1-1-g22dce08 (webtiles) character file.

80 Lennu the Insei (level 4, -4/22 HPs)
             Began as a Vine Stalker Transmuter on Jan 5, 2017.
             Slain by karate69's ghost (10 damage)
             ... on level 3 of the Dungeon.
             The game lasted 00:08:31 (2361 turns).

Lennu the Insei (Vine Stalker Transmuter)           Turns: 2361, Time: 00:08:32

Health: -4/22      AC:  7    Str: 13    XL:     4   Next: 39%
Magic:  0/8        EV: 11    Int: 13    God:
Gold:   60         SH:  0    Dex: 15    Spells: 1 memorised, 7 levels left

rFire  . . .     SeeInvis .       - Unarmed
rCold  . . .     Gourm    .     k - +0 ring mail
rNeg   . . .     Faith    .     (no shield)
rPois  .         Spirit   +     (no helmet)
rElec  .         Reflect  .     o - +1 cloak
rCorr  .         Harm     .     (no gloves)
MR     .....                    (boots currently unavailable)
Stlth  +.........               (no amulet)
                                (no ring)
                                (no ring)

@: appendage (expiring)
A: fangs 2, talons 3, regeneration 1, magic shield, antimagic bite, no device
heal 3, rot immunity
a: End Transformation


You were on level 3 of the Dungeon.
You were not hungry.
You had grown temporary talons.
You visited 1 branch of the dungeon, and saw 3 of its levels.

You collected 60 gold pieces.

Inventory:

Missiles
 a - 12 arrows
Armour
 k - a +0 ring mail (worn)
 o - a +1 cloak (worn)
Scrolls
 b - a scroll of remove curse {unknown}
 e - a scroll of identify {unknown}
 g - a scroll of enchant weapon {unknown}
 j - a scroll of blinking {unknown}
 l - a scroll of teleportation {unknown}
 m - a scroll of random uselessness {unknown}
 n - a scroll of magic mapping {unknown}
Potions
 i - a potion of beneficial mutation {unknown}
Books
 c - a book of Changes

   Spells                             Type                      Level
   a - Beastly Appendage              Transmutation                1
   b - Sticks to Snakes               Transmutation                2
   c - Spider Form                    Transmutation/Poison         3
   d - Ice Form                       Ice/Transmutation            4
   e - Blade Hands                    Transmutation                5
Comestibles
 d - a bread ration
 f - 11 chunks of flesh
 h - a royal jelly


   Skills:
 * Level 1.3 Fighting
 * Level 0.8 Armour
 * Level 1.8 Dodging
 * Level 3.9 Unarmed Combat
 * Level 2.6 Spellcasting
 * Level 2.4 Transmutations


You had 7 spell levels left.
You knew the following spells:

 Your Spells              Type           Power        Failure   Level  Hunger
a - Beastly Appendage     Tmut           #.....       21%         1    #......


Dungeon Overview and Level Annotations

Branches:
Dungeon (3/15)

Altars:
Fedhas
Makhleb
Vehumet

Annotations:
D:3 karate69's ghost, amateur MfIE


Innate Abilities, Weirdness & Mutations

You have extremely sharp teeth.
Your natural rate of healing is unusually fast.
When hurt, damage is shared between your health and your magic reserves.
Your bite disrupts and absorbs the magic of your enemies.
Potions and wands cannot restore your health.
You are immune to rotting.
You have claws for feet.


Message History

You closely miss karate69's ghost. Your kick misses karate69's ghost.
Karate69's ghost is lightly damaged.
Karate69's ghost closely misses you.
You closely miss karate69's ghost. You claw karate69's ghost.
Karate69's ghost is moderately damaged.
Karate69's ghost barely misses you.
Your magical contamination has completely faded away.
You barely miss karate69's ghost.
You bite karate69's ghost, but do no damage.
Karate69's ghost is moderately damaged.
Karate69's ghost hits you!
You hit karate69's ghost but do no damage.
Karate69's ghost is moderately damaged.
Karate69's ghost hits you but does no damage.
You miss karate69's ghost.
Karate69's ghost is moderately damaged.
Karate69's ghost hits you.
* * * LOW HITPOINT WARNING * * *
You are electrocuted!
You die...

#..#...# #..
......# #... ..
#.....#..... ....
##.?...#.....
....##............
..................
..................
#.....!...@W.#
#..........#..
#.....(.(......
#...............
#..<.<).........
#....).....#....
#..........#....
.............# #..
.#######.###...


You could see karate69's ghost.

Vanquished Creatures
  3 adders (D:2)
  An ooze (D:2)
  2 worms (D:2)
  2 leopard geckos (D:2)
  An orc (D:2)
  A ball python (D:2)
  3 bats
  A giant cockroach (D:2)
  6 hobgoblins
  5 jackals
  A quokka (D:2)
  2 frilled lizards (D:2)
  5 goblins
  5 kobolds
  2 rats
40 creatures vanquished.

Notes
Turn   | Place    | Note
-------+----------+-------------------------------------------
     0 | D:1      | Lennu the Vine Stalker Transmuter began the quest for the Orb.
     0 | D:1      | Reached XP level 1. HP: 9/9 MP: 4/4
   609 | D:1      | Reached XP level 2. HP: 11/14 MP: 4/6
  1220 | D:2      | Found a burning altar of Makhleb.
  1593 | D:2      | Reached skill level 1 in Fighting
  1595 | D:2      | Reached XP level 3. HP: 17/18 MP: 7/7
  1829 | D:2      | Found a radiant altar of Vehumet.
  2152 | D:2      | Found a blossoming altar of Fedhas.
  2240 | D:2      | Gained mutation: Your natural rate of healing is unusually fast. [Vine Stalker growth]
  2240 | D:2      | Reached XP level 4. HP: 17/22 MP: 8/8
  2265 | D:3      | Noticed karate69's ghost (amateur MfIE)
  2361 | D:3      | Slain by karate69's ghost

Skill      XL: |  1  2 |
---------------+-------+-----
Fighting       | 1 |  1.3
Armour         | |  0.8
Dodging        | |  1.8
Unarmed Combat | |  3.9
Spellcasting   | |  2.6
Transmutations | |  2.4

Action                   |  1- 3 |  4- 6 || total
-------------------------+-------+-------++-------
Melee: Unarmed           |   107 |    45 ||   152
       Bite              |    28 |    14 ||    42
       Headbutt          |     5 |       ||     5
       Kick              |     8 |     5 ||    13
       Punch             |     1 |       ||     1
 Cast: Beastly Appendage |    15 |     5 ||    20
 Stab: Sleeping          |     2 |       ||     2
  Eat: Chunk             |     4 |     1 ||     5
Armor: Robe              |     9 |       ||     9
       Leather armour    |     5 |       ||     5
       Ring mail         |    16 |    43 ||    59
Dodge: Dodged            |    59 |    39 ||    98
